 Dungeon Crawl Stone Soup version 0.18-a0-1485-g189885c (webtiles) character file.

35 Sargon the Skirmisher (level 3, 0/37 HPs)
             Began as a Troll Fighter on Mar 3, 2016.
             Slain by an orc
             ... wielding a +0 short sword
              (4 damage)
             ... on level 4 of the Dungeon.
             The game lasted 00:01:46 (411 turns).

Sargon the Skirmisher (Troll Fighter)                Turns: 411, Time: 00:01:47

Health: 0/37       AC:  5    Str: 24    XL:     3   Next: 17%
Magic:  2/2        EV:  8    Int:  4    God:
Gold:   0          SH:  8    Dex: 10    Spells: 0 memorised, 2 levels left

rFire  . . .     SeeInvis .       - Unarmed
rCold  . . .     Gourm    +     a - +0 robe
rNeg   . . .     Faith    .     b - +0 shield
rPois  .         Spirit   .     (helmet restricted)
rElec  .         Dismiss  .     (no cloak)
rCorr  .         Reflect  .     (gloves unavailable)
SustAt .         Harm     .     (boots unavailable)
MR     .....                    (no amulet)
Stlth  +.........               (no ring)
                                (no ring)

@: lethally poisoned (0 -> -1), not resistant to hostile enchantments, very
unstealthy
A: unfitting armour, claws 3, fast metabolism 3, gourmand, regeneration 2,
shaggy fur 1, tough skin 2
a: no special abilities


You were on level 4 of the Dungeon.
You were hungry.

You visited 1 branch of the dungeon, and saw 4 of its levels.

Inventory:

Armour
 a - a +0 robe (worn)
 b - a +0 shield (worn)
Scrolls
 e - a scroll of identify {unknown}
 f - a scroll of teleportation {unknown}
 h - a scroll of recharging {unknown}
Potions
 c - 2 potions of might
Comestibles
 d - 2 bread rations
 g - 2 meat rations


   Skills:
 + Level 3.0 Fighting
 + Level 2.8 Dodging
 + Level 2.5 Shields
 + Level 2.2 Unarmed Combat


You had 2 spell levels left.
You didn't know any spells.

Dungeon Overview and Level Annotations

Branches:
Dungeon (4/15)
 Temple: D:4-7

Altars:


Innate Abilities, Weirdness & Mutations

You are too large for most types of armour.
You have claws for hands.
Your metabolism is lightning-fast.
You like to eat raw meat.
You heal very quickly.
You are covered in fur (AC +1).
You have very tough skin (AC +2).


Message History

You block the rat's attack.
You claw the adder!
The adder is heavily wounded.
The orc hits you but does no damage. You block the adder's attack.
The rat bites you but does no damage.
You feel sick. You block the adder's attack.
You closely miss the orc. You block the adder's attack. The orc misses you.
The adder bites you.
* * * LOW HITPOINT WARNING * * *
The orc barely misses you. The adder closely misses you.
You closely miss the rat.
You feel sick. You block the adder's attack. The orc closely misses you.
The rat completely misses you. The adder bites you but does no damage.
The adder closely misses you.
You scratch the orc.
The orc is severely wounded.
You block the adder's attack. The orc hits you with a short sword.
* * * LOW HITPOINT WARNING * * *
You block the rat's attack. The adder bites you but does no damage.
The orc hits you with a short sword.
You die...

########## #........#
#........###
#..........#####
...............# #.#
............r..# #.#
.......#....o..# #.#
...........@S..# #.#
..............># #.#
...............# #.#
.............#.######.####
.<.......................#
.........#......######.#.#
................######..$#
.......................###
................######.#


You could see an adder, an orc and a rat.

Vanquished Creatures
  A gnoll (D:1)
  An ooze (D:1)
  A worm (D:3)
  5 bats (D:1)
  A giant cockroach (D:1)
  2 goblins (D:1)
  4 hobgoblins
  A kobold (D:2)
  4 rats
20 creatures vanquished.

Notes
Turn   | Place    | Note
--------------------------------------------------------------
     0 | D:1      | Sargon the Troll Fighter began the quest for the Orb.
     0 | D:1      | Reached XP level 1. HP: 22/22 MP: 0/0
    15 | D:1      | Reached XP level 2. HP: 13/29 MP: 1/1
   275 | D:2      | Reached XP level 3. HP: 29/36 MP: 2/2
   292 | D:2      | Reached skill level 3 in Fighting
   411 | D:4      | Slain by an orc

Vault maps used:
D:1:      dpeg_arrival_rhombus, corexii_leaking_fountain
D:2:      marbit_many_paths, first_bread, uniq_natasha, uniq_sigmund
D:3:      grunt_pakellas_mercury, gup_sewer_entry_bowl, uniq_jessica
D:4:      wad_crossroads, uniq_eustachio, uniq_menkaure

Skill      XL: |  1  2  3 |
---------------+----------+-----
Fighting       | 3 |  3.0
Dodging        | |  2.8
Shields        | |  2.5
Unarmed Combat | |  2.2

Action                   || total
-------------------------++-------
Melee: Unarmed           ||    65
